 Dungeon Crawl Stone Soup version 0.22-a0-374-g5dfd9e3 (webtiles) character file.

7 4thArraOfDagon the Magician (level 1, 6/13 HPs)
             Began as a Mummy Ice Elementalist on Apr 26, 2018.
             Quit the game on level 2 of the Dungeon.
             The game lasted 00:00:42 (121 turns).

4thArraOfDagon the Magician (Mummy Ice Elementalist) Turns: 121, Time: 00:00:43

Health: 6/13       AC:  3    Str: 11    XL:     1   Next: 83%
Magic:  4/4        EV: 12    Int: 14    God:
Gold:   22         SH:  0    Dex: 12    Spells: 4/5 levels left

rFire    x . .     SeeInvis .   (no weapon)
rCold    + . .     Gourm    .   (no shield)
rNeg     + + +     Faith    .   a - +0 robe
rPois    ∞         Spirit   .   (no helmet)
rElec    .         Reflect  .   (no cloak)
rCorr    .         Harm     .   b - +0 pair of gloves
MR       .....                  (no boots)
Stlth    ++........             (no amulet)
HPRegen  0.04/turn              (no ring)
MPRegen  0.09/turn              (no ring)

@: no status effects
A: no food or potions, fire vulnerability, cold resistance 1, negative energy
resistance 3, torment resistance, unbreathing
a: no special abilities


You were on level 2 of the Dungeon.
You were not hungry.

You visited 1 branch of the dungeon, and saw 2 of its levels.

You collected 22 gold pieces.

Inventory:

Armour
 a - a +0 robe (worn)
 b - a +0 pair of gloves (worn)


   Skills:
 - Level 1.5 Dodging
 - Level 1.5 Stealth
 + Level 2.9 Spellcasting
   Level 0.7 Conjurations
 * Level 2.7 Ice Magic


You had 4 spell levels left.
You knew the following spells:

 Your Spells              Type           Power        Failure   Level  Hunger
a - Freeze                Ice            #...         7%          1    N/A

Dungeon Overview and Level Annotations

Branches:
Dungeon (2/15)

Altars:


Innate Abilities, Weirdness & Mutations

You do not eat or drink.
Your flesh is vulnerable to fire.
You are immune to poison.
Your flesh is cold resistant. (rC+)
You are immune to negative energy. (rN+++)
You are immune to unholy pain and torment.
You can survive without breathing.


Message History

A bat comes into view.
The jackal misses you.
Found a ration.
A goblin comes into view.
Unknown command.
The gnoll shouts!
The gnoll hits you. The jackal barely misses you. x2
The jackal bites you but does no damage.
Unknown command.
Unknown command.
As you read the scroll labeled DEP AZIP ULENE, it crumbles to dust.
You feel aware of your surroundings.
You sensed 5 altars.
It was a scroll of magic mapping.
The gnoll shouts!
The jackal barks!
The jackal barely misses you. The jackal closely misses you.
The gnoll hits you. The jackal barely misses you.
The jackal completely misses you.
The jackal bites you but does no damage.
Unknown command.
Are you sure you want to abandon this character and quit the game? (Confirm with "yes".)

,,,,,,,,,** **,,***,**,
,,*****,,,* *,,**J.,*** ,,*
**,,###**###*****,**#.#** ***
*,,,...*#..,,,,,,* #.#
*,####.##.#******* #.#
****,........### #.#
*,,,,,%...h.bl.########.#
*,,,,,,,,#.hh#g.........#
*,,,,,,,,**#@h###.......#####
********** ##g#*##.####......
**#...*#.#**#######
*....gS....# *.........S#
*......)...#***
*..........#*_**
#.......####,,,****
*##..###*,,,,,,,,,*


You could see 3 gnolls, an adder, 4 jackals, a bat and a frilled lizard.

Vanquished Creatures
  A giant cockroach (D:1)
  2 goblins (D:1)
  A hobgoblin (D:1)
  2 kobolds (D:1)
  A rat (D:1)
7 creatures vanquished.

Notes
Turn   | Place    | Note
-------+----------+-------------------------------------------
     0 | D:1      | 4thArraOfDagon the Mummy Ice Elementalist began the quest for the Orb.
     0 | D:1      | Reached XP level 1. HP: 13/13 MP: 4/4
   121 | D:2      | Quit the game

Vault maps used:
D:1:      roderic_chinese_lattice_arrival
D:2:      chequers_temple_overflow_minitemple, serial_corexii_hall,
          corexii_hall_statues_x, corexii_hall_statues_s,
          guppyfry_early_orc_mine

Action                   || total
-------------------------++-------
 Cast: Freeze            ||     8
  Use: Scroll            ||     1
Armor: Robe              ||     2
Dodge: Dodged            ||    11

Table legend:
 A = Spawn XP
 B = Non-spawn XP
 C = Spawn XP percentage of total XP
 D = Spawn monster count
 E = Non-spawn monster count
 F = Spawn count percentage of total count
 G = Total turns spent on level
                    A         B        C        D         E        F      G
               +---------+---------+-------+---------+---------+-------+---------
         Total |       0 |      10 |   0.0 |       0 |       7 |   0.0 |   121
               +---------+---------+-------+---------+---------+-------+---------
           D:1 |       0 |      10 |   0.0 |       0 |       7 |   0.0 |    92
               +---------+---------+-------+---------+---------+-------+---------
